 Dungeon Crawl Stone Soup version 0.30-a0-586-g23e55c9e0a (webtiles) character file.

Game seed: 12667259277121152752

81 Dartaoz the Shooter (level 4, 0/38 HPs)
             Began as a Minotaur Hunter on Jan 2, 2023.
             Was an Initiate of Hepliaklqana.
             Killed from afar by an orc wizard (14 damage)
             ... with a puff of flame
             ... on level 3 of the Dungeon.
             The game lasted 00:09:49 (2024 turns).

Dartaoz the Shooter (Minotaur Hunter)               Turns: 2024, Time: 00:09:50

Health: 0/38       AC:  3    Str: 17    XL:     4   Next: 19%
Magic:  3/3        EV: 12    Int:  6    God:    Hepliaklqana [......]
Gold:   158        SH:  0    Dex: 14    Spells: 3/3 levels left

rFire   . . .      SeeInvis .    a - +0 shortbow
rCold   . . .      Faith    .    (shield currently unavailable)
rNeg    . . .      Spirit   .    c - +0 leather armour
rPois   .          Reflect  .    (helmet restricted)
rElec   .          Harm     .    (no cloak)
rCorr   .          Rampage  .    (no gloves)
Will    .....                    (no boots)
Stlth   +                        (no amulet)
HPRegen 0.26/turn                (no ring)
MPRegen 0.08/turn                (no ring)

@: no status effects
A: horns 2, retaliatory headbutt
a: Renounce Religion


You were on level 3 of the Dungeon.
You worshipped Hepliaklqana.
Hepliaklqana was noncommittal.
You visited 1 branch of the dungeon, and saw 3 of its levels.

You collected 158 gold pieces.

Inventory:

Hand Weapons
 a - a +0 shortbow (weapon)
Armour
 c - a +0 leather armour (worn)
 p - a +1 robe of resistance
Jewellery
 j - a ring of protection from cold
Scrolls
 b - 2 scrolls of immolation
 g - a scroll of enchant weapon {unknown}
 h - a scroll of amnesia {unknown}
 i - 2 scrolls of teleportation {unknown}
 m - a scroll of blinking {unknown}
 q - a scroll of torment {unknown}
 r - a scroll of identify {unknown}
Potions
 d - a potion of resistance {unknown}
 e - 2 potions of degeneration {unknown}
 f - a potion of curing
 k - a potion of lignification {unknown}
 l - a potion of ambrosia {unknown}
 n - a potion of magic {unknown}
 o - a potion of brilliance {unknown}
 s - a potion of might {unknown}


   Skills:
 + Level 3.4 Fighting
 + Level 4.9 Ranged Weapons
 + Level 2.1 Armour
 + Level 3.1 Dodging
 - Level 0.7 Stealth


You had 3 spell levels left.
You didn't know any spells.
Your spell library contained the following spells:

 Spells                   Type           Power      Damage    Failure   Level
 Summon Small Mammal      Summ           0%         N/A       52%         1
 Call Canine Familiar     Summ           0%         N/A       87%         3
 Summon Guardian Golem    Hex/Summ       0%         N/A       87%         3


Dungeon Overview and Level Annotations

Branches:
Dungeon (3/15)

Altars:
Fedhas
Hepliaklqana
Qazlal


Innate Abilities, Weirdness & Mutations

You have a pair of horns on your head.
You reflexively headbutt those who attack you in melee.


Message History

A magic dart appears from out of thin air!
The magic dart hits you.
You shoot an arrow. The arrow completely misses the kobold.
The kobold hits you with a +0 club.
You shoot an arrow. The arrow hits the kobold.
The kobold is severely wounded.
The kobold completely misses you.
Something hits the bush but does no damage.
You shoot an arrow. The arrow closely misses the kobold.
The kobold misses you. You furiously retaliate!
You headbutt the kobold!
You kill the kobold!
Your line of fire to the orc is blocked by a fungus.
Fire: a) +0 shortbow
Press: ? - help, Shift-Dir - straight line, p - orc You shoot an arrow.
Something hits you but does no damage.
You hear some strange, mumbled words.
A magic dart appears from out of thin air!
The magic dart hits you.
Fire: a) +0 shortbow
Press: ? - help, Shift-Dir - straight line You shoot an arrow.
You hear some strange, mumbled words.
A puff of flame appears from out of thin air!
The puff of flame hits you!
* * * LOW HITPOINT WARNING * * *
Okay, then.
It was a potion of curing.
You feel better. Something hits you.
Fire: a) +0 shortbow
Press: ? - help, Shift-Dir - straight line You shoot an arrow.
Something hits you but does no damage.
Fire: a) +0 shortbow
Press: ? - help, Shift-Dir - straight line You shoot an arrow.
Something hits you. Something hits you but does no damage.
Fire: a) +0 shortbow
Press: ? - help, Shift-Dir - straight line You shoot an arrow.
You hear some strange, mumbled words.
A puff of flame appears from out of thin air!
The puff of flame hits you!
You die...

#.).....#
#######.#
####.# #....#
#.####
#.#######
#..[....#
####PPPP.#
#....P_P@#
#.[....{P#
#....P.o......#
###...........#
##.).≈......#
#.≈........#
.≈≈_≈^.....#
.)≈≈.≈^######
.=..§§.##


You could see an orc.

Vanquished Creatures
  An adder (D:2)
  3 worms
  2 dart slugs
  3 orcs (D:3)
  5 endoplasms
  4 giant cockroaches
  11 goblins
  3 hobgoblins
  3 quokkas
  3 ball pythons
  3 bats
  3 frilled lizards
  4 kobolds
  5 rats
53 creatures vanquished.

Vanquished Creatures (others)
  A fungus (D:3)
  4 plants (D:3)
5 creatures vanquished.

Grand Total: 58 creatures vanquished

Notes
Turn   | Place    | Note
-------+----------+-------------------------------------------
     0 | D:1      | Dartaoz the Minotaur Hunter began the quest for the Orb.
     0 | D:1      | Reached XP level 1. HP: 18/18 MP: 0/0
   115 | D:1      | Reached XP level 2. HP: 25/25 MP: 1/1
   201 | D:1      | Reached skill level 1 in Armour
   953 | D:2      | Reached XP level 3. HP: 25/31 MP: 2/2
  1521 | D:3      | Found a faded altar of an unknown god.
  1612 | D:3      | Found a hazy altar of Hepliaklqana.
  1619 | D:3      | Became a worshipper of Hepliaklqana the Forgotten
  1720 | D:3      | Found a blossoming altar of Fedhas.
  1838 | D:3      | Reached XP level 4. HP: 38/38 MP: 3/3
  2002 | D:3      | Found a stormy altar of Qazlal.
  2024 | D:3      | Killed from afar by an orc wizard

Illustrated notes

Levels and vault maps discovered:
D:1:      lightli_arrival_statuegarden, layout_loops_ring
D:2:      layout_basic, wad_floor_pattern_2
D:3:      layout_basic, nicolae_overflow_crystal_walls,
          grunt_temple_overflow_forces_of_nature, nemelex_spade_bored_becter,
          ebering_ecumenical_altar_rust, fountainhead, interstate_on_off,
          kennysheep_potato

Skill      XL: |  1  2  3 |
---------------+----------+-----
Armour         | 1 2 |  2.1
Fighting       | 3 |  3.4
Dodging        | 3 |  3.1
Ranged Weapons | |  4.9
Stealth        | |  0.7

Action                   |  1- 3 |  4- 6 || total
-------------------------+-------+-------++-------
 Fire: Shortbow          |   123 |    55 ||   178
  Use: Potion            |       |     1 ||     1
Armor: Leather armour    |     5 |     5 ||    10
Dodge: Dodged            |    19 |     3 ||    22

Table legend: (Time is in decaauts)
 A = Elapsed time spent in this place.
 B = Non-inter-level travel time spent in this place.
 C = Inter-level travel time spent in this place.
 D = Time resting spent in this place.
 E = Time spent auto-exploring this place.
 F = Levels seen in this place.
 G = Mean time per level.
                   A        B        C        D        E       F      G
               +--------+--------+--------+--------+--------+-----+--------+
         Total |   2077 |   2061 |     16 |    254 |   1398 |   3 |  692.3 |
       Dungeon |   2077 |   2061 |     16 |    254 |   1398 |   3 |  692.3 |
               +--------+--------+--------+--------+--------+-----+--------+

Top non-repeatable levels by time:
     D:1: 943 daAuts
     D:3: 618 daAuts
     D:2: 514 daAuts
